 Dungeon Crawl Stone Soup version 0.31.0-32-g396128a36d (webtiles) character file.

Game seed: 5563595528300182365

114 PaiMei the Grave Robber (level 4, -17/33 HPs)
             Began as a Demonspawn Necromancer on Apr 25, 2024.
             Killed from afar by Ijyb (21 damage)
             ... with a bolt of light
             ... on level 3 of the Dungeon.
             The game lasted 00:03:08 (2281 turns).

PaiMei the Grave Robber (Demonspawn Necromancer)    Turns: 2281, Time: 00:03:08

Health: -17/33     AC:  3    Str:  8    XL:     4   Next: 67%
Magic:  5/8        EV: 12    Int: 18    God:
Gold:   126        SH:  0    Dex: 13    Spells: 7/8 levels left

rFire   . . .        j - +2 dagger (vamp)
rCold   . . .        (no shield)
rNeg    . . .        a - +0 robe
rPois   .            (helmet restricted)
rElec   .            (no cloak)
rCorr   .            (no gloves)
SInv    .            (no boots)
Will    .....        (no amulet)
Stlth   +            (no ring)
HPRegen 0.25/turn    (no ring)
MPRegen 0.11/turn

%: no passive effects
@: confused
A: antennae 2, rugged brown scales 1
a: no special abilities


You were on level 3 of the Dungeon.
You visited 1 branch of the dungeon, and saw 3 of its levels.

You collected 126 gold pieces.

Inventory:

Hand Weapons
 h - a +1 dagger of draining
 j - a +2 vampiric dagger (weapon)
Missiles
 f - 2 silver javelins
 o - 5 poisoned darts (quivered)
Armour
 a - a +0 robe (worn)
Wands
 l - a wand of iceblast (10)
Scrolls
 c - a scroll of noise {unknown}
 d - a scroll of identify {unknown}
 g - a scroll of amnesia {unknown}
 k - 2 scrolls of teleportation {unknown}
 n - a scroll of vulnerability {unknown}
Potions
 b - 3 potions of magic
 e - a potion of haste {unknown}
 i - a potion of resistance {unknown}
 m - a potion of curing {unknown}


   Skills:
 + Level 1.8 Fighting
 + Level 2.6 Dodging
 - Level 2.0 Stealth
 + Level 2.8 Spellcasting
 + Level 5.0 Necromancy


You had 7 spell levels left.
You knew the following spells:

 Your Spells              Type           Power      Damage    Failure   Level
a - Necrotise             Necr           80%        1d8       1%          1

Your spell library contained the following spells:

 Spells                   Type           Power      Damage    Failure   Level
 Vampiric Draining        Necr           20%        2d7       6%          3
 Animate Dead             Necr           20%        N/A       21%         4
 Curse of Agony           Necr           20%        N/A       50%         5


Dungeon Overview and Level Annotations

Branches:
Dungeon (3/15)

Altars:

Annotations:
D:3 Ijyb


Innate Abilities, Weirdness & Mutations

You have a pair of antennae on your head.
You are partially covered in rugged brown scales. (AC +1, +3% HP)


Message History

Ijyb zaps a wand.
The bolt of light misses you.
You completely miss Ijyb.
Ijyb is heavily wounded.
Ijyb hits you with a +0 dagger.
You barely miss Ijyb.
Ijyb is heavily wounded.
Ijyb zaps a wand.
The bolt of light hits you!
You hit Ijyb but do no damage. You punch Ijyb, but do no damage.
Ijyb is heavily wounded.
Ijyb hits you with a +0 dagger.
* * * LOW HITPOINT WARNING * * *
You barely miss Ijyb.
Ijyb is heavily wounded.
Ijyb hits you with a +0 dagger.
* * * LOW HITPOINT WARNING * * *
You barely miss Ijyb.
Ijyb is heavily wounded.
Ijyb hits you with a +0 dagger.
* * * LOW HITPOINT WARNING * * *
You hit Ijyb but do no damage.
Ijyb is heavily wounded.
Ijyb closely misses you.
You hit Ijyb but do no damage.
Ijyb is heavily wounded.
Ijyb barely misses you.
Casting: Necrotise (safe; 1% risk of failure)
Confirm with . or Enter, or press ? or * to list all spells.
Aiming: Necrotise (safe; 1% risk of failure)
Press: ? - help, Shift-Dir - straight line, f/p - Ijyb
Aim: Ijyb, wielding a +0 dagger, wearing a +3 ring mail of poison resistance and carrying a wand of light (heavily wounded, chance to affect: 84%) Ijyb writhes in agony.
Ijyb zaps a wand.
The bolt of light misses you.
Casting: Necrotise (safe; 1% risk of failure)
Confirm with . or Enter, or press ? or * to list all spells.
Aiming: Necrotise (safe; 1% risk of failure)
Press: ? - help, Shift-Dir - straight line, f/p - Ijyb
Aim: Ijyb, wielding a +0 dagger, wearing a +3 ring mail of poison resistance and carrying a wand of light (severely wounded, chance to affect: 84%) Ijyb writhes in agony.
Ijyb zaps a wand.
The bolt of light hits you!!
You are confused.
Ouch! That really hurt!
You die...

########..#
#.....##..############
######....................#
..........................####
..........................'...
?.........................####
.......Z..................#
.......Z...##g###.........#
...........##@# #.........#
...........'..# ###########
...........#### ############


You could see Ijyb.

Vanquished Creatures
  Jessica (D:3)
  Robin (D:2)
  3 adders
  A ribbon worm (D:2)
  5 bats
  A giant cockroach (D:2)
  8 hobgoblins
  6 kobolds
  3 ball pythons
  A frilled lizard (D:1)
  13 goblins
  A rat (D:1)
44 creatures vanquished.

Vanquished Creatures (collateral kills)
  An endoplasm (D:3)
1 creature vanquished.

Grand Total: 45 creatures vanquished

Notes
Turn   | Place    | Note
-------+----------+-------------------------------------------
     0 | D:1      | PaiMei the Demonspawn Necromancer began the quest for the
                  | Orb.
     0 | D:1      | Reached XP level 1. HP: 13/13 MP: 3/3
   520 | D:1      | Gained mutation: You are partially covered in rugged brown
                  | scales. (AC +1, +3% HP) [demonic ancestry]
   520 | D:1      | Reached XP level 2. HP: 13/19 MP: 3/5
  1315 | D:2      | Noticed Robin
  1347 | D:2      | Killed Robin
  1348 | D:2      | Gained mutation: You have a pair of small antennae on your
                  | head. [demonic ancestry]
  1348 | D:2      | Reached XP level 3. HP: 21/25 MP: 1/6
  1352 | D:2      | Reached skill level 1 in Fighting
  1768 | D:2      | Gained mutation: You have a pair of antennae on your head.
                  | [demonic ancestry]
  1768 | D:2      | Reached XP level 4. HP: 32/32 MP: 4/7
  1934 | D:2      | Found a faded altar of an unknown god.
  2060 | D:3      | Noticed Jessica
  2065 | D:3      | Killed Jessica
  2066 | D:3      | Reached skill level 5 in Necromancy
  2248 | D:3      | Noticed Ijyb
  2281 | D:3      | Killed from afar by Ijyb

Illustrated notes

Levels and vault maps discovered:
D:1:      psy_arrival_radial02, layout_loops_corners
D:2:      layout_basic, shapermc_ecumenical_altar_flowoftime, uniq_robin
D:3:      layout_basic, uniq_ijyb, uniq_jessica

Skill      XL: |  1  2  3  4 |
---------------+-------------+-----
Stealth        | 2 |  2.0
Dodging        | 2 |  2.6
Fighting       | 1 |  1.8
Necromancy     | 5 |  5.0
Spellcasting   | |  2.8

Action                     |  1- 3 |  4- 6 || total
---------------------------+-------+-------++-------
  Melee: Dagger            |    34 |    15 ||    49
         Punch             |       |     1 ||     1
   Cast: Necrotise         |    42 |    21 ||    63
 Armour: Robe              |    19 |    12 ||    31
  Dodge: Dodged            |    28 |    12 ||    40
